AoeStats
← Ben-Jamón

Lombardia

510130988Analyzed
4v4 RM · 3d ago on Sep 29, 2026· 33m 32s· 8 players
Game mode
Random Map
Map size
Large (8 player)
Population
200
Speed
Normal
Resources
Standard
Victory
Conquest
Starting age
Dark Age
Ending age
Imperial Age
RankedLock teamsTeams togetherTeam positionsShared explorationLock speedFull tech treeHidden civsTurbo modeCheats
Victory
Defeat
🇨🇱 Celts · Chile
850
+13
🇦🇷 Malay · Argentina
789
+15
🇨🇱 Burgundians · Chile
787
+15
🇧🇷 Turks · Brazil
721
+18
🇭🇰 Britons · Hong Kong SAR China
790
-16
🇧🇪 Danes · Belgium
789
-16
🇮🇹 Franks · Italy
752
-15
🇦🇹 Persians · Austria
737
-14
Ben-Jamón
0:30 Loom
10:13 Double-Bit Axe
10:12 Horse Collar
12:45 Wheelbarrow
15:04 Feudal Age
15:18 Gold Mining
16:24 Hand Cart
16:36 Bow Saw
16:29 Heavy Plow
20:28 Castle Age
18:54 Stone Mining
20:16 Stone Shaft Mining
21:31 Gold Shaft Mining
21:00 Caravan
22:37 Two-Man Saw
22:13 Husbandry
22:47 Cavalier
23:59 Light Cavalry
25:29 Scale Barding Armor
26:28 Crop Rotation
26:36 Town Watch
29:27 Burgundian Vineyards
30:02 Chain Barding Armor
30:54 Forging
31:15 Ballistics
31:44 Fletching
32:33 Iron Casting
32:27 Murder Holes
33:49 Town Patrol
34:08 Masonry
34:00 Squires
33:46 Arson
emerson005588
5:51 Loom
12:40 Feudal Age
17:25 Castle Age
15:52 Double-Bit Axe
15:58 Horse Collar
18:06 Wheelbarrow
19:45 Bow Saw
19:49 Heavy Plow
21:57 Gold Mining
26:18 Hand Cart
33:10 Imperial Age
32:46 Gold Shaft Mining
32:20 Stone Mining
33:26 Murder Holes
TILONXO
0:40 Loom
11:11 Feudal Age
18:18 Castle Age
20:48 Fervor
21:10 Gold Mining
28:59 Forging
28:49 Scale Mail Armor
34:37 Gold Shaft Mining
33:49 Double-Bit Axe
Producto.Machete
5:10 Loom
13:49 Feudal Age
13:31 Double-Bit Axe
16:37 Castle Age
14:40 Horse Collar
20:52 Husbandry
21:45 Scale Barding Armor
22:39 Forging
23:12 Gold Mining
27:42 Bow Saw
28:23 Wheelbarrow
30:41 Fletching
30:50 Crossbowman
32:55 Bodkin Arrow
LOLLYCT 85
11:25 Feudal Age
15:47 Castle Age
24:04 Gambesons
24:20 Squires
24:49 Arson
28:21 Double-Bit Axe
28:30 Gold Mining
30:26 Bow Saw
30:57 Gold Shaft Mining
33:55 Wheelbarrow
Caesar
2:06 Loom
12:34 Feudal Age
13:01 Horse Collar
13:09 Double-Bit Axe
19:51 Castle Age
18:07 Stone Mining
18:45 Gold Mining
20:58 Bow Saw
20:51 Heavy Plow
21:12 Pikeman
30:08 Scale Mail Armor
Maniac313
12:01 Feudal Age
19:51 Castle Age
17:58 Double-Bit Axe
18:07 Horse Collar
19:53 Stone Mining
19:54 Gold Mining
25:06 Wheelbarrow
25:00 Loom
29:59 Hand Cart
30:28 Gold Shaft Mining
舒服
0:47 Loom
10:25 Feudal Age
17:16 Castle Age
21:21 Pikeman
22:02 Squires
23:25 Double-Bit Axe
23:32 Arson
23:46 Horse Collar
28:07 Forging
27:58 Scale Mail Armor
28:08 Elite Skirmisher
32:45 Gold Mining
33:08 Bow Saw
33:01 Heavy Plow
34:16 Gold Shaft Mining
Connection lost

Rejoining the realm…

Still unreachable

The connection could not be restored.

Session expired

The server has moved on; the page needs a fresh start.